 Dungeon Crawl Stone Soup version 0.22-a0-539-gfbd9004e3f (webtiles) character file.

501 JackS81 the Skirmisher (level 7, -1/106 HPs)
             Began as an Ogre Fighter on June 24, 2018.
             Slain by an orc priest
             ... wielding a +0 mace
              (4 damage)
             ... on level 5 of the Dungeon.
             The game lasted 00:14:56 (4459 turns).

JackS81 the Skirmisher (Ogre Fighter)               Turns: 4459, Time: 00:14:57

Health: -1/106     AC: 23    Str: 26    XL:     7   Next: 17%
Magic:  7/7        EV:  1    Int:  9    God:
Gold:   172        SH: 10    Dex: 16    Spells: 5/6 levels left

rFire    + . .     SeeInvis .   E - +1 mace (crush)
rCold    . . .     Gourm    .   c - +0 shield
rNeg     + + +     Faith    .   (armour currently unavailable)
rPois    +         Spirit   .   (helmet currently unavailable)
rElec    .         Reflect  .   (cloak currently unavailable)
rCorr    .         Harm     .   (gloves unavailable)
MR       .....     NoTele   +   (boots unavailable)
Stlth    +.........             (no amulet)
HPRegen  0.27/turn              t - ring of protection from fire
MPRegen  0.10/turn              B - +6 ring of dexterity

@: mighty, tree-form
A: large, unfitting armour
a: no special abilities


You were on level 5 of the Dungeon.
You were not hungry.
You were a tree.
You visited 1 branch of the dungeon, and saw 5 of its levels.

You collected 172 gold pieces.

Inventory:

Hand Weapons
 a - a +0 flail
 n - a +1 mace of protection
 s - a +1 whip
 x - a +0 giant club
 E - a +1 mace of crushing (weapon)
Missiles
 h - 111 stones (quivered)
 k - 34 arrows
 v - 18 bolts
Armour
 b - a +0 robe (melded)
 c - a +0 shield (worn)
Jewellery
 t - a ring of protection from fire (left branch)
 B - a +6 ring of dexterity (right branch)
Wands
 w - a wand of digging (18)
 y - a wand of random effects (18)
 D - a wand of acid (8)
Scrolls
 j - 2 scrolls of teleportation
 l - 3 scrolls of remove curse
 p - 2 scrolls of fog
 q - a scroll of blinking {unknown}
 r - 3 scrolls of identify
 z - a scroll of noise {unknown}
Potions
 g - a potion of magic
 m - a potion of curing
 o - a potion of agility {unknown}
 u - a potion of cancellation {unknown}
 C - a potion of flight {unknown}
Comestibles
 f - 8 rations
 A - a chunk of flesh


   Skills:
 + Level 4.6 Fighting
 * Level 4.5 Maces & Flails
 + Level 4.6 Dodging
 + Level 3.4 Shields
 * Level 1.8 Hexes


You had 5 spell levels left.
You knew the following spells:

 Your Spells              Type           Power        Failure   Level  Hunger
a - Confusing Touch       Hex            #.....       54%         1    ##.....

Your spell library contained the following spells:

 Spells                   Type           Power        Failure   Level  Hunger
 Confuse                  Hex            #.......     88%         3    ####...
 Metabolic Englaciation   Hex/Ice        #.........   100%        5    ######.
 Petrify                  Tmut/Erth      #.......     100%        4    #####..
 Gell's Gravitas          Tloc           #.........   99%         3    ####...
 Yara's Violent Unravell  Hex/Tmut       #.........   100%        5    ######.


Dungeon Overview and Level Annotations

Branches:
Dungeon (5/15)
 Temple: D:4-7

Altars:
Dithmenos
Makhleb

Annotations:
D:5 Pikel


Innate Abilities, Weirdness & Mutations

You are too large for most types of armour.
((You have tough skin. (AC +1)))


Message History

The orc priest calls down the wrath of Beogh upon you.
Beogh smites you!
* * * LOW HITPOINT WARNING * * *
You sock the orc priest!
You kill the orc priest!
The orc wizard gestures at you while chanting.
Helpless, you fail to dodge the puff of frost.
You block the orc wizard's attack.
You barely miss the orc priest. You block the orc priest's attack.
The orc wizard hits you but does no damage.
Your shield prevents you from hitting the orc priest.
The orc priest hits you but does no damage.
The orc wizard hits you but does no damage.
You barely miss the orc priest. You block the orc priest's attack.
You block the orc wizard's attack.
The orc priest looks braver for a moment.
You sock the orc priest!
The orc priest is almost dead.
You block the orc wizard's attack. The orc priest hits you with a mace.
You die...

######
###....#
#.<..#.#
#.##.#.#
#......#
#o♣)####
##o##
#...
#..#.
##.#..
..# .#
### .# #


You could see an orc priest and an orc wizard.

Vanquished Creatures
  An ogre (D:4)
  A bullfrog (D:4)
  A howler monkey (D:4)
  3 orc priests
  4 worker ants (D:4)
  4 adders
  An ooze (D:1)
  An adder skeleton (D:4)
  A worm (D:4)
  4 dart slugs
  4 leopard geckos
  15 orcs
  5 bats
  4 giant cockroaches
  3 hobgoblins
  4 jackals (D:4)
  A ball python (D:3)
  5 frilled lizards
  6 goblins
  A jackal skeleton (D:3)
  A kobold (D:1)
  7 rats
77 creatures vanquished.

Notes
Turn   | Place    | Note
-------+----------+-------------------------------------------
     0 | D:1      | JackS81 the Ogre Fighter began the quest for the Orb.
     0 | D:1      | Reached XP level 1. HP: 24/24 MP: 1/1
   320 | D:1      | Reached XP level 2. HP: 20/32 MP: 2/2
   722 | D:1      | Reached XP level 3. HP: 39/39 MP: 3/3
  1403 | D:2      | Found a burning altar of Makhleb.
  1730 | D:2      | Learned a level 1 spell: Confusing Touch
  2096 | D:3      | Reached XP level 4. HP: 43/48 MP: 4/4
  2801 | D:4      | Noticed an ogre
  2824 | D:4      | Reached XP level 5. HP: 48/54 MP: 5/5
  2934 | D:4      | Killed an ogre
  2934 | D:4      | Reached skill level 1 in Hexes
  2934 | D:4      | Reached XP level 6. HP: 21/63 MP: 6/6
  3788 | D:4      | Found a shadowy altar of Dithmenos.
  3953 | D:4      | Reached XP level 7. HP: 50/71 MP: 7/7
  4397 | D:5      | Entered Level 5 of the Dungeon
  4397 | D:5      | Noticed Pikel
  4446 | D:5      | HP: 5/106 [orc/hand axe (3)]
  4454 | D:5      | HP: 1/106 [orc priest/divine providence (10)]
  4459 | D:5      | Slain by an orc priest

Vault maps used:
D:1:      onia_arrival_pyramid, serial_park_tiny_pond, hangedman_decor_riveting
D:2:      old_standard_altar, first_ration
D:3:      cheibrodos_helix_gallery, palyth_stone_intersect
D:4:      nicolae_overflow_hidden_temple, kennysheep_path_1,
          grunt_dithmenos_smoke_and_mirrors
D:5:      lemuel_crystal_altar, minmay_temple_entry_statues_pillars,
          uniq_grinder, uniq_pikel

Skill      XL: |  1  2  3  4  5  6 |
---------------+-------------------+-----
Maces & Flails | 2 3 4 |  4.5
Dodging        | 3 4 |  4.6
Shields        | 3 |  3.4
Hexes          | 1 |  1.8
Fighting       | |  4.6

Action                   |  1- 3 |  4- 6 |  7- 9 || total
-------------------------+-------+-------+-------++-------
Melee: Flail             |   143 |       |       ||   143
       Whip              |    36 |   203 |       ||   239
       Mace              |       |       |    27 ||    27
  Use: Scroll            |     5 |     2 |       ||     7
       Potion            |     1 |     2 |     4 ||     7
  Eat: Chunk             |     4 |     6 |     2 ||    12
Armor: Robe              |    67 |    20 |     1 ||    88
       Skin              |       |    22 |    24 ||    46
Dodge: Dodged            |    87 |    49 |     9 ||   145
Block: Shield            |    74 |    69 |    22 ||   165

Table legend:
 A = Spawn XP
 B = Non-spawn XP
 C = Spawn XP percentage of total XP
 D = Spawn monster count
 E = Non-spawn monster count
 F = Spawn count percentage of total count
 G = Total turns spent on level
                    A         B        C        D         E        F      G
               +---------+---------+-------+---------+---------+-------+---------
         Total |       0 |     716 |   0.0 |       0 |      77 |   0.0 |  4459
               +---------+---------+-------+---------+---------+-------+---------
           D:1 |       0 |      47 |   0.0 |       0 |      22 |   0.0 |  1186
           D:2 |       0 |      18 |   0.0 |       0 |      11 |   0.0 |   556
           D:3 |       0 |      94 |   0.0 |       0 |      14 |   0.0 |  1283
           D:4 |       0 |     470 |   0.0 |       0 |      27 |   0.0 |  1401
           D:5 |       0 |      87 |   0.0 |       0 |       3 |   0.0 |    33
               +---------+---------+-------+---------+---------+-------+---------
